cohdb
Replays
Latest Replays
All Replays
Popular Replays
Top Player Replays
Match Explorer
How It Works
Community
CoH3 Stats
Reddit
Sign in to upload your games and track your stats! →
Sign in with Steam
Match 40667591
Unlisted
Match 40667591
Overview
Messages
Build Orders
End
Kradschützen Motorcycle Team
Selects Panzerjäger Kommand Battlegroup
Panzergrenadier Squad
Selects Mine Fields
Panzergrenadier Squad
Construct Light Support Kompanie
2.5-tonne Medical Truck
Selects Tank Busters
MG34 Team
Combat Half-tracks
Fire Support Elements
Panzerjäger Mechanized Group
Selects Defensive Positions
Flakvierling Half-track
MG34 Team
Gordon Birdman
perroDINAMITA
Tactical & Strategical!
Wombatmann
coupay
Moltke1871
a9044661
坐牢大行动
0
0
Comments
sign in to comment!
No comments posted yet!